[ PARTIDA AOE2 · #475511190 ]
UnrankedFrancos vs Aztecs
Equipo del jugador · VICT
Equipo rival · DERR
[ ANÁLISIS DE REPETICIÓN · EXTRAÍDO DE LA PARTIDA GRABADA ]
Feudal
10:23
Castillos
15:58
Imperial
35:38
| APM promedio | 38.2 |
| APM pico | 88 |
| eAPM promedio | 17.8 |
| Aldeanos / militares | 181 / 123 |
Foco
⚔️ 33.0% · 🌾 67.0%
Throwing Axeman ×73 · Knight ×39 · Trebuchet (Packed) ×10 · Monk ×1
Feudal
9:49
Castillos
16:14
Imperial
30:52
| APM promedio | 19.0 |
| APM pico | 50 |
| eAPM promedio | 16.0 |
| Aldeanos / militares | 116 / 194 |
Foco
⚔️ 42.8% · 🌾 57.2%
Eagle Scout ×50 · Spearman ×46 · Jaguar Warrior ×34 · Monk ×21 · Skirmisher ×18 · Militia ×16
Mapa de la partida
Recursos iniciales + cada clic de construcción. Líneas = muros · curvas = relieve. ◆ oro · ⬟ piedra · ● bayas · ✦ reliquia · ◌ hueco del cierre
Tu base· ✓ Cerrada en 15:58 · 0t muro · 2 puerta(s)
Base de Str1zh· ✓ Cerrada en 16:14 · 1t muro · 2 puerta(s)
Terreno inicial suavizado · ◌ = hueco del cierre detectado · pasá el cursor para detalles
Inputs por minuto
— harryjay520 - - Str1zh
Build order — harryjay520
Primeras 150 de 359 acciones detectadas
| 0:02 | Crear | Villager (Male) |
| 0:02 | Crear | Villager (Male) |
| 0:02 | Crear | Villager (Male) |
| 0:04 | Construir | House |
| 0:05 | Construir | House |
| 0:28 | Crear | Villager (Male) |
| 0:29 | Crear | Villager (Male) |
| 1:31 | Crear | Villager (Male) |
| 1:31 | Crear | Villager (Male) |
| 1:32 | Crear | Villager (Male) |
| 2:09 | Crear | Villager (Male) |
| 2:17 | Construir | Mill |
| 2:39 | Crear | Villager (Male) |
| 3:02 | Crear | Villager (Male) |
| 3:20 | Construir | Lumber Camp |
| 3:21 | Crear | Villager (Male) |
| 3:53 | Crear | Villager (Male) |
| 4:03 | Crear | Villager (Male) |
| 4:26 | Construir | House |
| 4:27 | Crear | Villager (Male) |
| 4:35 | Crear | Villager (Male) |
| 4:51 | Investigar | Loom |
| 4:51 | Crear | Villager (Male) |
| 4:59 | Construir | House |
| 5:01 | Crear | Villager (Male) |
| 5:18 | Crear | Villager (Male) |
| 5:51 | Crear | Villager (Male) |
| 6:12 | Crear | Villager (Male) |
| 6:26 | Crear | Villager (Male) |
| 6:47 | Crear | Villager (Male) |
| 7:07 | Crear | Villager (Male) |
| 7:28 | Crear | Villager (Male) |
| 8:10 | Construir | Mining Camp |
| 8:13 | Investigar | Feudal Age |
| 8:13 | Investigar | Feudal Age |
| 8:55 | Crear | Villager (Male) |
| 9:05 | Crear | Villager (Male) |
| 9:21 | Crear | Villager (Male) |
| 10:05 | Construir | House |
| 10:09 | Crear | Villager (Male) |
| 10:22 | Crear | Villager (Male) |
| 10:23 | Edad | Edad Feudal |
| 10:30 | Construir | Market |
| 10:46 | Crear | Villager (Male) |
| 11:03 | Crear | Villager (Male) |
| 11:19 | Crear | Villager (Male) |
| 11:33 | Construir | Mill |
| 11:42 | Crear | Villager (Male) |
| 12:00 | Crear | Villager (Male) |
| 12:10 | Construir | Blacksmith |
| 12:28 | Construir | House |
| 12:30 | Crear | Villager (Male) |
| 12:59 | Crear | Villager (Male) |
| 13:04 | Investigar | Castle Age |
| 13:16 | Construir | Lumber Camp |
| 13:18 | Crear | Villager (Male) |
| 13:32 | Crear | Villager (Male) |
| 13:42 | Crear | Villager (Male) |
| 13:46 | Construir | House |
| 14:18 | Construir | House |
| 14:49 | Construir | House |
| 15:58 | Edad | Edad de los Castillos |
| 16:04 | Construir | Town Center |
| 16:23 | Construir | Town Center |
| 16:27 | Crear | Villager (Male) |
| 16:57 | Construir | Monastery |
| 17:13 | Crear | Villager (Male) |
| 17:37 | Construir | Mill |
| 17:38 | Crear | Villager (Male) |
| 17:51 | Crear | Villager (Male) ×5 |
| 17:58 | Crear | Villager (Male) |
| 18:08 | Construir | House |
| 18:14 | Crear | Monk |
| 18:16 | Crear | Villager (Male) |
| 18:28 | Crear | Villager (Male) |
| 18:44 | Construir | Farm |
| 18:48 | Crear | Villager (Male) |
| 18:56 | Crear | Villager (Male) |
| 19:04 | Construir | Farm |
| 19:05 | Construir | Farm |
| 19:06 | Construir | Farm |
| 19:07 | Construir | Farm |
| 19:16 | Construir | House |
| 19:20 | Crear | Villager (Male) |
| 19:22 | Crear | Villager (Male) |
| 19:23 | Crear | Villager (Male) |
| 19:39 | Crear | Villager (Male) |
| 19:44 | Construir | Farm |
| 19:46 | Construir | Farm |
| 19:47 | Construir | Farm |
| 19:52 | Crear | Villager (Male) ×3 |
| 20:00 | Construir | House |
| 21:02 | Crear | Villager (Male) |
| 21:27 | Crear | Villager (Male) |
| 21:30 | Construir | Farm |
| 21:32 | Construir | Farm |
| 21:33 | Construir | Farm |
| 21:37 | Crear | Villager (Male) ×5 |
| 21:51 | Crear | Villager (Male) |
| 21:54 | Construir | Farm |
| 21:56 | Construir | Farm |
| 21:58 | Construir | Farm |
| 22:00 | Construir | Farm |
| 22:01 | Construir | Farm |
| 22:02 | Construir | Farm |
| 23:05 | Crear | Villager (Male) ×5 |
| 23:42 | Crear | Villager (Male) ×5 |
| 23:46 | Construir | Farm |
| 23:47 | Construir | Farm |
| 23:48 | Construir | Farm |
| 23:59 | Construir | Farm |
| 24:00 | Construir | Farm |
| 24:01 | Construir | Farm |
| 24:03 | Construir | Farm |
| 24:05 | Crear | Villager (Male) ×5 |
| 24:29 | Construir | Town Center |
| 24:33 | Crear | Villager (Male) ×5 |
| 24:37 | Construir | Farm |
| 24:38 | Construir | Farm |
| 24:39 | Construir | Farm |
| 24:51 | Construir | House |
| 24:52 | Construir | House |
| 24:52 | Construir | House |
| 24:53 | Construir | House |
| 24:54 | Construir | House |
| 24:55 | Construir | House |
| 24:57 | Investigar | Double-Bit Axe |
| 24:57 | Investigar | Double-Bit Axe |
| 25:02 | Construir | Farm |
| 25:07 | Crear | Villager (Male) ×5 |
| 25:14 | Construir | Farm |
| 25:16 | Construir | Farm |
| 25:17 | Construir | Farm |
| 25:18 | Construir | Farm |
| 25:20 | Construir | Farm |
| 25:20 | Construir | Farm |
| 25:27 | Construir | Farm |
| 25:28 | Construir | Farm |
| 25:30 | Crear | Villager (Male) ×5 |
| 25:51 | Crear | Villager (Male) ×5 |
| 26:03 | Crear | Villager (Male) ×3 |
| 26:19 | Construir | University |
| 26:20 | Construir | House |
| 26:21 | Construir | House |
| 26:22 | Construir | House |
| 26:33 | Crear | Villager (Male) ×5 |
| 26:38 | Construir | Farm |
| 26:58 | Construir | Mining Camp |
| 27:01 | Crear | Villager (Male) ×5 |
| 27:08 | Construir | Farm |
Build order — Str1zh
Primeras 150 de 501 acciones detectadas
| 0:02 | Crear | Villager (Male) |
| 0:02 | Crear | Villager (Male) |
| 0:02 | Crear | Villager (Male) |
| 0:02 | Crear | Villager (Male) |
| 0:04 | Construir | House |
| 0:05 | Construir | House |
| 1:25 | Crear | Villager (Male) |
| 2:12 | Crear | Villager (Male) |
| 2:12 | Crear | Villager (Male) |
| 2:39 | Crear | Villager (Male) |
| 2:39 | Crear | Villager (Male) |
| 2:59 | Crear | Villager (Male) |
| 2:59 | Crear | Villager (Male) |
| 2:59 | Crear | Villager (Male) |
| 3:27 | Crear | Villager (Male) |
| 3:28 | Crear | Villager (Male) |
| 4:05 | Crear | Villager (Male) |
| 4:05 | Crear | Villager (Male) |
| 4:21 | Construir | House |
| 4:32 | Construir | Lumber Camp |
| 4:41 | Crear | Villager (Male) |
| 4:41 | Crear | Villager (Male) |
| 4:41 | Crear | Villager (Male) |
| 5:02 | Crear | Villager (Male) |
| 5:02 | Crear | Villager (Male) |
| 5:03 | Crear | Villager (Male) |
| 6:04 | Construir | House |
| 6:27 | Construir | Mill |
| 7:00 | Crear | Villager (Male) |
| 7:18 | Construir | Mining Camp |
| 7:28 | Investigar | Feudal Age |
| 8:04 | Construir | Mill |
| 9:29 | Crear | Villager (Male) |
| 9:29 | Crear | Villager (Male) |
| 9:42 | Construir | House |
| 9:49 | Edad | Edad Feudal |
| 9:51 | Construir | Blacksmith |
| 10:22 | Investigar | Double-Bit Axe |
| 10:32 | Crear | Villager (Male) |
| 10:32 | Crear | Villager (Male) |
| 10:49 | Construir | Lumber Camp |
| 11:03 | Construir | Market |
| 11:23 | Crear | Villager (Male) |
| 11:36 | Construir | Farm |
| 11:36 | Construir | Farm |
| 11:48 | Crear | Villager (Male) |
| 11:56 | Construir | Farm |
| 12:07 | Crear | Villager (Male) |
| 12:21 | Construir | Farm |
| 12:33 | Investigar | Loom |
| 12:46 | Construir | Farm |
| 13:07 | Crear | Villager (Male) |
| 13:22 | Investigar | Castle Age |
| 13:33 | Investigar | Horse Collar |
| 13:40 | Construir | Barracks |
| 13:43 | Construir | House |
| 13:45 | Construir | Palisade Wall |
| 14:04 | Construir | Farm |
| 14:04 | Construir | Farm |
| 14:05 | Construir | Farm |
| 14:08 | Construir | Farm |
| 14:29 | Construir | Farm |
| 15:24 | Construir | Farm |
| 15:25 | Construir | Farm |
| 15:25 | Construir | Farm |
| 15:26 | Construir | Farm |
| 15:43 | Construir | Farm |
| 15:48 | Investigar | Man-at-Arms (upgrade) |
| 15:50 | Investigar | Arson |
| 15:55 | Crear | Villager (Male) |
| 15:56 | Crear | Villager (Male) |
| 15:57 | Crear | Villager (Male) |
| 16:09 | Crear | Spearman |
| 16:14 | Edad | Edad de los Castillos |
| 16:33 | Construir | Monastery |
| 16:45 | Crear | Spearman |
| 16:55 | Construir | Farm |
| 16:58 | Crear | Villager (Male) |
| 17:00 | Crear | Monk |
| 17:10 | Construir | House |
| 17:11 | Construir | House |
| 17:26 | Crear | Monk |
| 17:32 | Construir | Farm |
| 17:33 | Crear | Villager (Male) |
| 18:18 | Investigar | Fervor |
| 18:21 | Crear | Villager (Male) |
| 18:22 | Construir | Farm |
| 18:33 | Construir | Town Center |
| 19:26 | Crear | Villager (Male) |
| 19:26 | Crear | Villager (Male) |
| 19:27 | Crear | Villager (Male) |
| 19:27 | Crear | Villager (Male) |
| 19:32 | Construir | Farm |
| 20:13 | Investigar | Sanctity |
| 20:44 | Crear | Villager (Male) |
| 20:46 | Construir | Farm |
| 20:47 | Construir | Farm |
| 20:47 | Construir | Farm |
| 21:45 | Crear | Eagle Scout |
| 21:48 | Crear | Villager (Male) |
| 21:49 | Crear | Villager (Male) |
| 21:50 | Construir | Farm |
| 21:50 | Construir | Farm |
| 21:53 | Crear | Villager (Male) |
| 21:54 | Crear | Villager (Male) |
| 21:54 | Crear | Villager (Male) |
| 21:54 | Crear | Villager (Male) |
| 21:55 | Crear | Villager (Male) |
| 21:55 | Crear | Villager (Male) |
| 21:55 | Crear | Villager (Male) |
| 21:56 | Crear | Villager (Male) |
| 22:05 | Construir | Barracks |
| 22:14 | Construir | Farm |
| 22:17 | Construir | Farm |
| 22:23 | Investigar | Wheelbarrow |
| 23:40 | Crear | Villager (Male) |
| 23:41 | Crear | Villager (Male) |
| 23:41 | Crear | Villager (Male) |
| 23:41 | Crear | Villager (Male) |
| 23:41 | Crear | Villager (Male) |
| 23:53 | Construir | Town Center |
| 24:04 | Construir | House |
| 24:05 | Construir | House |
| 24:06 | Construir | House |
| 24:21 | Investigar | Bow Saw |
| 24:32 | Investigar | Man-at-Arms (upgrade) |
| 24:32 | Investigar | Gambesons |
| 24:33 | Investigar | Squires |
| 24:33 | Investigar | Arson |
| 24:50 | Investigar | Gold Mining |
| 24:58 | Crear | Villager (Male) |
| 24:59 | Crear | Villager (Male) |
| 24:59 | Crear | Villager (Male) |
| 24:59 | Crear | Villager (Male) |
| 25:00 | Crear | Villager (Male) |
| 25:00 | Crear | Villager (Male) |
| 25:31 | Investigar | Long Swordsman (upgrade) |
| 25:36 | Investigar | Forging |
| 25:36 | Investigar | Scale Mail Armor |
| 25:43 | Crear | Villager (Male) |
| 25:43 | Crear | Villager (Male) |
| 25:43 | Crear | Villager (Male) |
| 25:44 | Crear | Villager (Male) |
| 25:44 | Crear | Villager (Male) |
| 26:03 | Investigar | Heavy Plow |
| 26:08 | Construir | Siege Workshop |
| 26:16 | Crear | Militia |
| 26:16 | Crear | Militia |
| 26:16 | Crear | Militia |
| 26:17 | Crear | Militia |
Cronología de la partida
| 9:49 | Str1zh · age_up feudal |
| 10:23 | harryjay520 · age_up feudal |
| 12:42 | Str1zh · first_market_buy 100 food |
| 13:40 | Str1zh · first_building Barracks |
| 13:45 | Str1zh · wall_segment Palisade Wall x1 |
| 15:58 | harryjay520 · age_up castle |
| 16:14 | Str1zh · age_up castle |
| 16:33 | Str1zh · first_building Monastery |
| 16:57 | harryjay520 · first_building Monastery |
| 26:08 | Str1zh · first_building Siege Workshop |
| 28:50 | harryjay520 · first_building Barracks |
| 29:25 | harryjay520 · first_building Stable |
| 30:52 | Str1zh · age_up imperial |
| 31:14 | harryjay520 · first_market_sell 500 food |
| 31:52 | harryjay520 · first_building Castle |
| 35:38 | harryjay520 · age_up imperial |
| 37:32 | Str1zh · first_building Castle |
| 45:31 | Str1zh · first_building Archery Range |
| 47:29 | Str1zh · resign |
[ ANÁLISIS IA · 1 CRÉDITO ]
¿Qué pasó realmente en esta partida?
Wolo.gg analiza cada decisión: build order, eco, micro, errores típicos por bracket. Análisis personalizado por WhatsApp o Discord en 30 segundos.
Guía civ
Francos
Perfil
Jugador #11798175